 Dungeon Crawl Stone Soup version 0.27.1 (webtiles) character file.

Game seed: 4267268431734151526

79478 MacCMillion the Earth Mage (level 15, -3/92 HPs)
             Began as a Gargoyle Earth Elementalist on Aug 31, 2021.
             Was a High Priest of Vehumet.
             Shot with an arrow by a centaur (7 damage)
             ... led by a centaur warrior
             ... on level 13 of the Dungeon on Sept 2, 2021.
             The game lasted 02:37:27 (44190 turns).

MacCMillion the Earth Mage (GrEE)                  Turns: 44190, Time: 02:37:27

Health: -3/92      AC: 23    Str:  9    XL:     15   Next: 63%
Magic:  17/31      EV: 11    Int: 22    God:    Vehumet [*****.]
Gold:   1135       SH: 12    Dex: 10    Spells: 4/24 levels left

rFire    + . .     SeeInvis .   Q - +5 mace
rCold    + + .     Faith    .   V - +0 kite shield
rNeg     + . .     Spirit   .   d - +5 ring mail of the Lich-sworn {Rampage rC+}
rPois    ∞         Reflect  .   j - +1 helmet
rElec    +         Harm     .   (no cloak)
rCorr    +         Rampage  +   (no gloves)
Will     +....                  (no boots)
Stlth    +.........             (no amulet)
HPRegen  0.25/turn              q - ring of protection from fire
MPRegen  0.22/turn              k - ring of the Duke {rElec rC+ rCorr MP+9 Str-3}

@: flying
A: sickness immunity, AC +11, big wings, negative energy resistance 1,
electricity resistance, torment resistance 1, petrification resistance
a: Renounce Religion


You were on level 13 of the Dungeon.
You worshipped Vehumet.
Vehumet was extremely pleased with you.
You visited 5 branches of the dungeon, and saw 23 of its levels.
You also visited: Gauntlet.

You collected 2200 gold pieces.
You spent 1065 gold pieces at shops.

Inventory:

Hand Weapons
 Q - a +5 mace (weapon)
 S - a +2 flail of holy wrath
Missiles
 c - 91 stones
Armour
 d - the +5 ring mail of the Lich-sworn (worn) {Rampage rC+}
   (You found it on level 2 of the Lair of Beasts)

   rC:        It protects you from cold.
   Rampage:   It bestows one free step when moving towards enemies.
 j - a +1 helmet (worn)
 K - a +2 robe of willpower
 U - a +2 robe of resistance
 V - a +0 kite shield (worn)
Magical Staves
 x - a staff of conjuration
Jewellery
 k - the ring of the Duke (right hand) {rElec rC+ rCorr MP+9 Str-3}
   (You found it in a Gauntlet)

   [ring of protection from cold]

   Str:       It affects your strength (-3).
   rC:        It protects you from cold.
   rElec:     It insulates you from electricity.
   MP:        It affects your magic capacity (+9).
   rCorr:     It protects you from acid and corrosion.
 m - a +4 ring of evasion
 p - the ring of Houbbuoll {SInv Stlth+}
   (You found it in a Gauntlet)

   [ring of see invisible]

   SInv:      It lets you see invisible.
   Stlth:     It makes you more stealthy.
 q - a ring of protection from fire (left hand)
 E - a ring of fire
 F - a ring of fire
 L - a ring of willpower
Wands
 l - a wand of iceblast (14)
 r - a wand of flame (58)
 t - a wand of paralysis (5)
 v - a wand of digging (4)
 X - a wand of charming (8)
Scrolls
 f - 4 scrolls of enchant armour
 i - 2 scrolls of holy word
 n - 3 scrolls of torment
 o - a scroll of blinking
 s - 4 scrolls of summoning
 u - 5 scrolls of immolation
 y - 2 scrolls of silence
 A - a scroll of enchant weapon
 D - 3 scrolls of fog
 G - a scroll of amnesia {unknown}
 I - 3 scrolls of vulnerability
 M - a scroll of magic mapping
 N - a scroll of brand weapon {unknown}
 P - a scroll of teleportation
 R - a scroll of fear
 Z - 2 scrolls of noise {unknown}
Potions
 a - 5 potions of attraction
 b - 4 potions of lignification
 e - a potion of heal wounds
 g - 2 potions of might
 h - 2 potions of cancellation
 w - 11 potions of ambrosia
 z - 3 potions of brilliance
 B - 2 potions of flight {unknown}
 C - 4 potions of haste
 H - a potion of magic
 J - 2 potions of curing
 O - 3 potions of invisibility
 T - 5 potions of mutation
 Y - a potion of resistance {unknown}


   Skills:
 - Level 10.0 Fighting
 - Level 2.8(4.6) Axes
 + Level 6.2(6.5) Maces & Flails
 - Level 5.0 Dodging
 - Level 2.2 Stealth
 * Level 15.5 Shields
 - Level 5.0 Spellcasting
 - Level 10.2 Conjurations
 - Level 1.0 Transmutations
 + Level 3.0 Fire Magic
 - Level 7.6 Ice Magic
 - Level 16.2 Earth Magic


You had 4 spell levels left.
You knew the following spells:

 Your Spells              Type           Power      Damage    Failure   Level
a - Sandblast             Erth           100%       2d20      1%          1
b - Stone Arrow           Conj/Erth      100%       3d13      1%          3
c - Passwall              Tmut/Erth      35%        N/A       1%          2
d - Frozen Ramparts       Ice            78%        1d9       1%          3
e - Iron Shot             Conj/Erth      29%        9d6       5%          6
f - Bolt of Magma         Conj/Fire/Erth 24%        4d12      4%          5

Your spell library contained the following spells:

 Spells                   Type           Power      Damage    Failure   Level
 Lightning Bolt           Conj/Air       14%        1d27      24%         5
 Foxfire                  Conj/Fire      100%       2x1d9     1%          1
 Conjure Flame            Conj/Fire      34%        6-21      1%          3
 Dazzling Flash           Conj/Hex       56%        N/A       3%          3
 Mephitic Cloud           Conj/Pois/Air  20%        N/A       5%          3
 Petrify                  Tmut/Erth      43%        N/A       9%          4
 Iskenderun's Mystic Bla  Conj/Tloc      28%        2d7       10%         4
 Leda's Liquefaction      Hex/Erth       20%        N/A       10%         4
 Inner Flame              Hex/Fire       12%        N/A       12%         3
 Ignite Poison            Fire/Tmut/Pois 11%        N/A       13%         3
 Corpse Rot               Necr/Air       N/A        N/A       38%         2
 Slow                     Hex            5%         N/A       38%         2
 Ice Form                 Ice/Tmut       24%        N/A       43%         4
 Summon Ice Beast         Ice/Summ       22%        N/A       52%         4
 Call Canine Familiar     Summ           5%         N/A       63%         3
 Confusing Touch          Hex            5%         N/A       63%         3
 Portal Projectile        Hex/Tloc       10%        N/A       63%         3
 Vampiric Draining        Necr           2%         2d6       63%         3
 Dispel Undead            Necr           5%         3d7       95%         4
 Irradiate                Conj/Tmut      15%        3d19      21%         5
 Starburst                Conj/Fire      17%        6d6       54%         6
 Death Channel            Necr           2%         N/A       100%        6
 Sublimation of Blood     Necr           Unusable   N/A       N/A         2

Dungeon Overview and Level Annotations

Branches:
Dungeon (13/15)            Temple (1/1) D:4            Lair (6/6) D:9
  Swamp (1/4) Lair:2       Spider (0/4) Lair:4        Slime (0/5) Lair:6
    Orc (2/2) D:9             Elf (0/3) Orc:2       Gauntlet (visited)
 Vaults: D:13-14

Altars:
Ashenzari
Cheibriados
Dithmenos
Elyvilon
Fedhas
Gozag
Hepliaklqana
Kikubaaqudgha
Makhleb
Nemelex Xobeh
Okawaru
Ru
Sif Muna
Trog
Uskayaw
Vehumet
Wu Jian
Xom
Yredelemnul
Zin
The Shining One
Beogh
Jiyva

Shops:
D:2 [   Orc:1 *   Orc:2 ***(

Annotations:
D:6 1 runed translucent door, Crazy Yiuf
D:7 Harold, Maggie
D:8 exclusion: two-headed ogre
D:13 2 runed translucent doors
Orc:1 1 runed translucent door, Mizzrym's ghost, journeyman MiBe
Orc:2 3 runed translucent doors, Destapler's ghost, journeyman DsBe


Innate Abilities, Weirdness & Mutations

You are immune to sickness and miasma.
Your stone body is resilient. (AC +11)
You are immune to poison.
Your large and strong wings let you fly.
You resist negative energy. (rN+)
You are resistant to electric shocks. (rElec)
You are resistant to unholy torment.
You are immune to petrification.


Message History

The centaur warrior shoots an arrow.
The arrow barely misses you.
The centaur shoots an arrow.
You block the arrow.
The centaur shoots an arrow.
The arrow hits you but does no damage.
Press: ? - help, v - describe, . - travel The floor.
Unknown command.
The centaur shoots an arrow.
You block the arrow.
The centaur warrior shoots an arrow.
The arrow hits you!
The centaur shoots an arrow.
You block the arrow.
The centaur shoots an arrow.
The arrow barely misses you.
The centaur warrior shoots an arrow.
The arrow hits you but does no damage.
A titanic slime creature splits.
Casting: Stone Arrow (safe; 1% risk of failure)
Confirm with . or Enter, or press ? or * to list all spells.
Casting: Frozen Ramparts (safe; 1% risk of failure)
Press: ? - help, Dir - look around, f - activate You miscast Frozen Ramparts.
You are very lightly contaminated with residual magic.
Nothing appears to happen.
The large slime creature hits you!!
Aiming: Stone Arrow (safe; 1% risk of failure)
Press: ? - help, Q - select action, (/) - cycle Shift-Dir - straight line, f - large slime creature
Aim: a large slime creature (95% to hit)
The stone arrow hits the large slime creature!!
The large slime creature is lightly wounded.
The very large slime creature hits you!!!
* * * LOW HITPOINT WARNING * * *
You block the large slime creature's attack.
Unknown command.
Okay, then.
Okay, then.
Blink to where?
Press: ? - help, Dir - move target, p - large slime creature
As you read the scroll of blinking, it crumbles to dust.
A large slime creature splits.
A very large slime creature splits.
Two slime creatures merge to form a large slime creature.
Two slime creatures merge to form a very large slime creature.
Your magical contamination has completely faded away.
The centaur shoots an arrow.
The arrow hits you!
You die...

#### ##..## ###....#
#####....<.# ######..#..y@####
#...##........##
##..............#
#........##.....###
#.................# ####
###...............#######..##
#.................###..##...##
##..##J##c#..................#
##..#Jc..#.................###


You could see a vampire mosquito and a centaur.

Vanquished Creatures
  2 dire elephants
  A blizzard demon (Gauntlet)
  Snorg (D:11)
  7 hydras
  An ice dragon (Orc:2)
  2 boulder beetles
  A death knight (D:12)
  5 death yaks
  5 two-headed ogres
  An orc high priest (Orc:2)
  Sonja (Lair:4)
  Nergalle (Lair:4)
  A fire crab (Lair:5)
  A spectral anaconda (Lair:6)
  A spectral death yak (Lair:6)
  An obsidian statue (Lair:6)
  Pikel (D:7)
  A lindwurm (Lair:4)
  4 necromancers (Lair:6)
  2 orc knights (Orc:2)
  A deep elf pyromancer (D:12)
  An oklob plant (Lair:5)
  5 orc sorcerers (Orc:2)
  3 cyclopes
  A manticore (D:9)
  21 elephants
  A black mamba (shapeshifter) (D:13)
  2 smoke demons (Gauntlet)
  3 black mambas
  14 cane toads
  A kobold demonologist (D:11)
  6 rime drakes
  14 komodo dragons
  2 dire elephant skeletons (Lair:6)
  2 red devils (Gauntlet)
  A queen bee (Lair:6)
  3 trolls
  3 meliai (Lair:6)
  3 polar bears
  2 hornets (Lair:5)
  18 blink frogs
  9 dream sheep
  5 slime creatures
  45 yaks
  A shadow (D:12)
  2 wyverns
  A wraith (D:12)
  A vampire (D:12)
  Grum (D:11)
  3 basilisks
  11 vampire mosquitoes
  A death yak simulacrum (Lair:6)
  3 wargs
  Menkaure (D:4)
  2 acid dragons
  14 water moccasins
  Edmund (D:5)
  27 orc warriors
  A black bear (Lair:5)
  2 ogres
  A necrophage (D:5)
  14 wolves
  3 centaurs
  2 lemures (D:7)
  A phantom (D:6)
  18 kobold brigands
  18 bullfrogs
  A wyvern zombie (D:8)
  2 gnoll sergeants
  5 scorpions
  A cane toad simulacrum (Lair:6)
  A water moccasin zombie (D:5)
  30 killer bees
  An elephant simulacrum (Lair:6)
  11 wights
  2 electric eels
  5 crimson imps (Gauntlet)
  4 centaur zombies
  3 hounds
  21 orc priests
  An iguana (D:4)
  Terence (D:2)
  29 orc wizards
  A scorpion zombie (D:5)
  10 hell rats
  A killer bee zombie (D:7)
  A hound zombie (D:5)
  A hound skeleton (D:5)
  Robin (D:4)
  2 howler monkey skeletons
  9 gnolls
  6 adders
  2 white imps (D:8)
  An ufetubus (D:5)
  An adder skeleton (D:4)
  6 worms
  4 dart slugs
  57 orcs
  4 endoplasms
  8 giant cockroaches
  4 hobgoblins
  6 jackals
  3 quokkas
  4 ball pythons
  10 bats
  2 frilled lizards
  10 goblins
  22 kobolds
  3 rats
632 creatures vanquished.

Vanquished Creatures (others)
  5 death yaks (Lair:6)
  A killer bee (Lair:6)
  52 fungi
  114 plants
  8 withered plants (Lair:6)
180 creatures vanquished.

Grand Total: 812 creatures vanquished

Notes
Turn   | Place    | Note
-------+----------+-------------------------------------------
     0 | D:1      | MacCMillion the Gargoyle Earth Elementalist began the quest
                  | for the Orb.
     0 | D:1      | Reached XP level 1. HP: 10/10 MP: 3/3
     3 | D:1      | Noticed an electric eel
     4 | D:1      | Noticed an electric eel
   559 | D:1      | Reached XP level 2. HP: 4/15 MP: 5/5
   984 | D:1      | Reached skill level 4 in Earth Magic
  1859 | D:2      | Reached skill level 1 in Transmutations
  1859 | D:2      | Reached XP level 3. HP: 16/19 MP: 1/6
  1936 | D:2      | Noticed Terence
  2575 | D:2      | Found Gakkeel's Armour Shoppe.
  2850 | D:3      | Reached skill level 5 in Earth Magic
  2850 | D:3      | Reached skill level 1 in Conjurations
  2850 | D:3      | Reached XP level 4. HP: 24/24 MP: 5/7
  2966 | D:3      | Found a glowing golden altar of the Shining One.
  3524 | D:2      | Reached XP level 5. HP: 23/28 MP: 6/8
  3528 | D:2      | Learned a level 3 spell: Stone Arrow
  3551 | D:2      | Killed Terence
  4355 | D:3      | Found a large runed translucent door.
  4355 | D:3      | Found a large runed translucent door.
  4526 | D:3      | Found a glowing silver altar of Zin.
  4526 | D:3      | Noticed an angel
  5058 | D:3      | Found a shimmering altar of Xom.
  5061 | D:3      | Found a hide-covered altar of Uskayaw.
  5665 | D:4      | Found a staircase to the Ecumenical Temple.
  5690 | D:4      | Noticed Menkaure
  5788 | D:4      | Reached skill level 6 in Earth Magic
  5788 | D:4      | Reached XP level 6. HP: 11/32 MP: 4/9
  6155 | D:4      | Killed Menkaure
  6156 | D:4      | Reached skill level 5 in Conjurations
  6243 | Temple   | Entered the Ecumenical Temple
  6308 | Temple   | Became a worshipper of Vehumet
  6674 | D:4      | Noticed Robin
  6682 | D:4      | Killed Robin
  6743 | D:4      | Reached XP level 7. HP: 35/36 MP: 8/10
  6800 | D:5      | Entered Level 5 of the Dungeon
  7149 | D:5      | Reached skill level 7 in Earth Magic
  7693 | D:5      | Noticed Edmund
  8262 | D:5      | Killed Edmund
  8263 | D:5      | Reached XP level 8. HP: 37/41 MP: 2/14
  8808 | D:6      | Reached skill level 8 in Earth Magic
  8835 | D:6      | Identified the +3 hand axe of Yferiode {flame, rPois Str+3}
  9117 | D:6      | Noticed a troll
  9124 | D:6      | Killed a troll
  9125 | D:6      | Reached skill level 5 in Spellcasting
  9125 | D:6      | Reached skill level 9 in Earth Magic
  9504 | D:6      | Learned a level 2 spell: Passwall
  9641 | D:6      | Reached skill level 1 in Fighting
  9957 | D:6      | Found a runed translucent door.
  9958 | D:6      | Noticed Crazy Yiuf
 10165 | D:7      | Reached skill level 10 in Earth Magic
 10282 | D:7      | Reached * piety under Vehumet
 10282 | D:7      | Offered knowledge of Magic Dart by Vehumet.
 10283 | D:7      | Reached XP level 9. HP: 46/49 MP: 16/16
 10344 | D:7      | Noticed Maggie
 11152 | D:7      | Noticed Harold
 11483 | D:8      | Reached skill level 1 in Axes
 11561 | D:8      | Noticed Pikel
 11634 | D:7      | Killed Pikel
 11635 | D:7      | Reached skill level 5 in Fighting
 11635 | D:7      | Reached skill level 11 in Earth Magic
 11831 | D:8      | Noticed a two-headed ogre
 11852 | D:8      | Found a hazy altar of Hepliaklqana.
 12566 | D:9      | Reached XP level 10. HP: 60/60 MP: 10/17
 12624 | D:9      | Noticed a manticore
 12693 | D:9      | Reached skill level 12 in Earth Magic
 12896 | D:9      | Found a staircase to the Lair.
 13224 | D:9      | Reached ** piety under Vehumet
 13226 | D:9      | Offered knowledge of Poisonous Vapours by Vehumet.
 13709 | D:9      | Found a staircase to the Orcish Mines.
 13716 | D:9      | Reached skill level 1 in Maces & Flails
 13853 | D:9      | Killed a manticore
 14558 | D:10     | Entered Level 10 of the Dungeon
 14619 | D:10     | Reached XP level 11. HP: 69/69 MP: 11/18
 14621 | D:10     | Offered knowledge of Frozen Ramparts by Vehumet.
 14727 | D:10     | Found a sacrificial altar of Ru.
 14822 | D:10     | Reached skill level 13 in Earth Magic
 14904 | D:10     | Identified the +0 helmet "Riusit" {rC+ rN+ Int-3}
 15043 | D:10     | Noticed a two-headed ogre
 15308 | D:10     | Killed a two-headed ogre
 15308 | D:10     | Reached *** piety under Vehumet
 15685 | Lair:1   | Entered Level 1 of the Lair of Beasts
 16828 | Lair:1   | Reached skill level 10 in Fighting
 17310 | Lair:2   | Reached skill level 14 in Earth Magic
 17437 | Lair:2   | Identified the +2 robe of Pots {Int+5}
 17579 | Lair:2   | Reached skill level 15 in Earth Magic
 17668 | Lair:2   | Found a staircase to the Swamp.
 17687 | Lair:2   | Offered knowledge of Mephitic Cloud by Vehumet.
 17688 | Lair:2   | Reached skill level 1 in Shields
 17718 | Lair:2   | Reached XP level 12. HP: 77/77 MP: 13/19
 18157 | Lair:2   | Noticed an eight-headed hydra
 18164 | Lair:2   | Killed an eight-headed hydra
 18419 | Lair:2   | Learned a level 3 spell: Frozen Ramparts
 18599 | Lair:3   | Reached skill level 5 in Shields
 18624 | Lair:3   | Reached skill level 1 in Ice Magic
 18735 | Lair:3   | Reached **** piety under Vehumet
 18813 | Lair:3   | Offered knowledge of Airstrike by Vehumet.
 19389 | Lair:3   | Noticed a seven-headed hydra
 19395 | Lair:3   | Killed a seven-headed hydra
 20096 | Lair:4   | Noticed a death yak
 20097 | Lair:4   | Noticed a death yak
 20099 | Lair:4   | Noticed a death yak
 20103 | Lair:3   | Killed a death yak
 20422 | Lair:2   | Identified the +5 ring mail of the Lich-sworn {Rampage rC+}
 20845 | Lair:2   | Found a staircase to the Swamp.
 21231 | Lair:3   | Killed a death yak
 21494 | Lair:4   | Noticed Sonja
 21494 | Lair:4   | Noticed Nergalle
 21825 | Lair:4   | Noticed a death yak
 21832 | Lair:4   | Noticed a death yak
 21849 | Lair:3   | Killed a death yak
 21850 | Lair:3   | Reached skill level 5 in Ice Magic
 22433 | Lair:2   | Killed a death yak
 22526 | Lair:3   | Killed a death yak
 23280 | Lair:4   | Killed Sonja
 23281 | Lair:4   | Reached XP level 13. HP: 82/82 MP: 3/20
 23558 | Lair:4   | Reached skill level 5 in Dodging
 23831 | Lair:4   | Found a hole to the Spider Nest.
 24150 | Lair:4   | Killed Nergalle
 25474 | Lair:5   | Reached skill level 10 in Shields
 26786 | Lair:4   | HP: 3/82 [black mamba (7)]
 27117 | D:11     | Noticed Snorg
 27132 | D:11     | Killed Snorg
 27317 | D:11     | Found a gate leading to a gauntlet.
 27323 | Gauntlet | Entered a Gauntlet
 27323 | Gauntlet | Found a transporter.
 27323 | Gauntlet | Found a transporter.
 27323 | Gauntlet | Found a runed translucent gate.
 27325 | Gauntlet | Found a runed translucent gate.
 27328 | Gauntlet | Found a transporter.
 27329 | Gauntlet | Found a runed translucent gate.
 27331 | Gauntlet | Found a transporter.
 27331 | Gauntlet | Found a transporter.
 27362 | Gauntlet | Found a transporter.
 27364 | Gauntlet | Found a transporter.
 27365 | Gauntlet | Found a transporter.
 27366 | Gauntlet | Noticed a blizzard demon
 27377 | Gauntlet | Found a transporter.
 27393 | Gauntlet | Found a transporter.
 27403 | Gauntlet | Found a transporter.
 27409 | Gauntlet | Found a transporter.
 27444 | Gauntlet | Found a transporter.
 27456 | Gauntlet | Found a transporter.
 27702 | Gauntlet | Identified the ring of the Duke {rElec rC+ rCorr MP+9
                  | Str-3}
 27717 | Gauntlet | Killed a blizzard demon
 28027 | Gauntlet | Identified the ring of Houbbuoll {SInv Stlth+}
 28056 | Gauntlet | Identified the +7 great sword of Peril {venom, rPois rF++
                  | rC- Str+2}
 28056 | Gauntlet | Noticed a minotaur
 28063 | Gauntlet | Identified the +4 rapier "String" {freeze, rC+ Dex+3}
 28287 | D:11     | Noticed Grum
 28297 | D:11     | Killed Grum
 28520 | D:11     | Gained mutation: Your large and strong wings let you fly.
                  | [Gargoyle growth]
 28520 | D:11     | Reached XP level 14. HP: 88/88 MP: 13/21
 28870 | D:11     | Reached ***** piety under Vehumet
 28870 | D:11     | Offered knowledge of Iron Shot by Vehumet.
 28954 | D:11     | Learned a level 6 spell: Iron Shot
 29596 | Orc:1    | Entered Level 1 of the Orcish Mines
 29872 | Orc:2    | Entered Level 2 of the Orcish Mines
 29872 | Orc:2    | Found a staircase to the Elven Halls.
 30181 | Orc:2    | Paralysed by an orc sorcerer for 4 turns
 32708 | Orc:1    | Found Tyod's General Store.
 32861 | Orc:1    | Offered knowledge of Ozocubu's Refrigeration by Vehumet.
 32979 | Orc:1    | Found a runed translucent door.
 32980 | Orc:1    | Found a shimmering altar of Xom.
 32980 | Orc:1    | Noticed Mizzrym's ghost (journeyman MiBe)
 33132 | Orc:2    | Found Doke Lutoisk's General Store.
 33132 | Orc:2    | Found Uradiqet's General Store.
 33133 | Orc:2    | Found Uschyrgh's Antique Weapon Boutique.
 33137 | Orc:2    | Found Heuzaf's Assorted Antiques.
 33154 | Orc:2    | Bought a scroll labelled CUNLUAZXIOMU for 25 gold pieces
 33154 | Orc:2    | Bought a potion of heal wounds for 125 gold pieces
 33154 | Orc:2    | Bought a twisted buckler for 237 gold pieces
 33154 | Orc:2    | Identified the +3 buckler of Insatiable Hunger {Slay+5}
                  | (You bought it in a shop on level 2 of the Orcish Mines)
 33155 | Orc:2    | Bought a scroll of summoning for 133 gold pieces
 33155 | Orc:2    | Bought a scroll of teleportation for 42 gold pieces
 33156 | Orc:2    | Bought a potion of lignification for 33 gold pieces
 33210 | Orc:2    | Found a runed translucent gate.
 33210 | Orc:2    | Found a runed translucent gate.
 33211 | Orc:2    | Found a runed translucent gate.
 33212 | Orc:2    | Noticed Destapler's ghost (journeyman DsBe)
 33997 | Lair:2   | Found a staircase to the Swamp.
 34994 | Lair:5   | Found an opulent altar of Gozag.
 36021 | Lair:5   | Reached skill level 16 in Earth Magic
 36267 | Lair:5   | Reached XP level 15. HP: 92/92 MP: 22/22
 36666 | Lair:6   | Entered Level 6 of the Lair of Beasts
 36838 | Orc:2    | Bought a Trismegistus Codex for 392 gold pieces
 37006 | Swamp:1  | Entered Level 1 of the Swamp
 37174 | Lair:6   | Found a viscous altar of Jiyva.
 37174 | Lair:6   | Found a staircase to the Slime Pits.
 37451 | Lair:6   | Reached skill level 10 in Conjurations
 38082 | Lair:6   | Reached skill level 5 in Maces & Flails
 38978 | Lair:6   | Offered knowledge of Lightning Bolt by Vehumet.
 39647 | Orc:1    | Bought a scroll of teleportation for 39 gold pieces
 39647 | Orc:1    | Bought a scroll of teleportation for 39 gold pieces
 39653 | Orc:1    | Learned a level 5 spell: Bolt of Magma
 40051 | Lair:6   | Reached skill level 1 in Fire Magic
 40060 | Lair:6   | Reached skill level 15 in Shields
 41430 | Lair:5   | Found an opulent altar of Gozag.
 43210 | D:12     | Found a shimmering altar of Xom.
 43210 | D:12     | Found a shimmering altar of Xom.
 43210 | D:12     | Found a shimmering altar of Xom.
 43211 | D:12     | Found a shimmering altar of Xom.
 43218 | D:12     | Found a shimmering altar of Xom.
 43971 | D:13     | Found a large runed translucent door.
 43971 | D:13     | Found a large runed translucent door.
 44183 | D:13     | HP: 2/92 [very large slime creature (38)]
 44190 | D:13     | Shot with an arrow by a centaur

Illustrated notes

Levels and vault maps discovered:
D:1:      arrival_aquarium_b, layout_rooms,
          hangedman_abyss_or_decor_lesser_grid, minmay_octomino_e4
D:2:      layout_rooms, serial_shops, shop, uniq_terence
D:3:      layout_basic, mainiacjoe_overflow_boulevard, zin_angel,
          jmf_multi_god_temple2
D:4:      layout_basic, minmay_temple_entry_statues_pillars, uniq_menkaure,
          uniq_robin
D:5:      layout_rooms, minmay_misc_feat_diagonals, uniq_edmund
D:6:      layout_basic, uniq_crazy_yiuf_cottage
D:7:      layout_basic, uniq_harold, uniq_maggie
D:8:      layout_basic, nicolae_hepliaklqana_hippocampus, uniq_pikel
D:9:      layout_cross, grunt_lair_entry_orc_guard_hut,
          kennysheep_orc_monster_closet_entryway
D:10:     layout_long_grid, nicolae_ru_great_annihilating_truth
D:11:     layout_cave_pods, special_room [special_room_kobold],
          gauntlet_entry_generic, uniq_grum, uniq_snorg
D:12:     layout_basic, serial_curves, eino_curves_03, eino_curves_03,
          eino_curves_02, xom_shifter_show
D:13:     okawaru_arena_lexackson, layout_cave_pools, bloody_makhleb,
          uniq_maurice, uniq_nessos
Temple:   compressed_dpeg_circular_temple
Lair:1:   layout_roguey, serial_bayou_pond_a
Lair:2:   layout_roguey, minmay_swamp_entry_swarm
Lair:3:   layout_cave_pods, serial_bayou_shore_a
Lair:4:   layout_gridlike, nicolae_spider_entry_non_spiders,
          beast_lair_carwin_1, uniq_nergalle, uniq_sonja
Lair:5:   cheibrodos_lair_overgrown_chateau, layout_hall_layers,
          lemuel_oklob_altar
Lair:6:   due_jungle_book, layout_loops_ring, dpeg_slime_entry_enclosed_altar,
          special_room [special_room_bee]
Swamp:1:  layout_falls_marsh, nicolae_swamp_some_circles, swamp_pool1
Orc:1:    layout_caves, basic_altar, serial_shops, nicolae_shop_trees,
          ebering_ghost_xom
Orc:2:    st_orc_mages, layout_caves, basic_altar, ebering_ghost_rock_garden,
          portal_ice_cave_entry_animals_and_master

Skill      XL: |  1  2  3  4  5  6  7  8  9 10 11 12 13 14 15 |
---------------+----------------------------------------------+-----
Earth Magic    | 4 5 6 7 10 11 12 15 16 | 16.2
Transmutations | 1 |  1.0
Conjurations   | 1 2 4 5 7 8 9 10 | 10.2
Spellcasting   | 4 5 |  5.0
Fighting       | 2 6 8 10 | 10.0
Axes           | 2 |  2.8
Maces & Flails | 2 4 6 |  6.2
Dodging        | 2 4 5 |  5.0
Shields        | 2 7 12 14 15 | 15.5
Ice Magic      | 6 7 |  7.6
Fire Magic     | 3 |  3.0
Stealth        | |  2.2

Action                   |  1- 3 |  4- 6 |  7- 9 | 10-12 | 13-15 || total
-------------------------+-------+-------+-------+-------+-------++-------
Melee: Club              |    80 |       |       |       |       ||    80
       Unarmed           |     4 |       |       |       |       ||     4
       Dagger            |    19 |   380 |   217 |       |       ||   616
       Hand axe          |       |       |    61 |    13 |       ||    74
       Mace              |       |       |       |    75 |   212 ||   287
       Flail             |       |       |       |       |   214 ||   214
 Cast: Sandblast         |    15 |    30 |    69 |   226 |    93 ||   433
       Stone Arrow       |       |       |    34 |   108 |   623 ||   765
       Frozen Ramparts   |       |       |       |     9 |    74 ||    83
  Use: Scroll            |       |       |    11 |    13 |    14 ||    38
       Potion            |       |       |       |       |     7 ||     7
 Stab: Sleeping          |     5 |     2 |     3 |       |       ||    10
Armor: Robe              |    46 |    84 |   118 |    72 |     1 ||   321
       Ring mail         |       |       |       |    19 |   437 ||   456
Dodge: Dodged            |    71 |   321 |   290 |   254 |   645 ||  1581
Block: Kite shield       |       |       |       |       |   284 ||   284
